 Dungeon Crawl Stone Soup version 0.28.0-43-g3370ac3207 (webtiles) character file.

Game seed: 5427052741467933847

17611 fknight the Spear-Bearer (level 12, -2/97 HPs)
             Began as a Gnoll Berserker on Mar 13, 2022.
             Was a Priest of Trog.
             Slain by a large slime creature (31 damage)
             ... on level 12 of the Dungeon.
             The game lasted 00:58:03 (16605 turns).

fknight the Spear-Bearer (Gnoll Berserker)         Turns: 16605, Time: 00:58:04

Health: -2/97      AC: 23    Str: 19    XL:     12   Next: 49%
Magic:  23/23      EV:  7    Int:  7    God:    Trog [***...]
Gold:   899        SH: 10    Dex: 14    Spells: 25/25 levels left

rFire   . . .      SeeInvis .   K - +2 trident
rCold   . . .      Faith    .   O - +0 kite shield
rNeg    . . .      Spirit   .   f - +0 plate armour
rPois   +          Reflect  .   (no helmet)
rElec   .          Harm     .   p - +2 cloak
rCorr   .          Rampage  .   z - +1 pair of gloves
Will    ++...                   D - +2 pair of boots
Stlth   ..........              i - amulet of magic regeneration
HPRegen 1.26/turn               v - ring of poison resistance
MPRegen 0.58/turn               (no ring)

@: strong-willed, regenerating
A: fangs 1, strong nose, distributed training
a: Renounce Religion, Berserk, Trog's Hand


You were on level 12 of the Dungeon.
You worshipped Trog.
Trog was most pleased with you.
You visited 1 branch of the dungeon, and saw 12 of its levels.
You also visited: Sewer and Bailey.

You collected 899 gold pieces.

Inventory:

Hand Weapons
 a - a +0 spear
 b - a +2 whip of flaming
 g - a +2 halberd
 k - a +0 scythe
 m - a +2 dagger of draining
 o - a +0 triple sword
 q - a +0 flail of protection
 t - a +0 flail of protection
 w - a +0 hunting sling
 B - a +0 dagger of protection
 K - a +2 trident (weapon)
 L - a +0 quarterstaff of freezing
 M - a +5 flail
 P - a +4 dagger
 R - a +1 flail of holy wrath
 S - a +1 scimitar of flaming
 W - a +4 falchion
 X - a +5 hand axe
 Z - a +1 dire flail of protection
Missiles
 d - 21 curare-tipped darts
 n - 205 stones
 A - 8 sling bullets
 C - 5 javelins
 F - 22 poisoned darts
 I - 8 atropa-tipped darts
 J - 12 boomerangs (quivered)
Armour
 f - a +0 plate armour (worn)
 p - a +2 cloak (worn)
 z - a +1 pair of gloves (worn)
 D - a +2 pair of boots (worn)
 N - a +1 robe of cold resistance
 O - a +0 kite shield (worn)
Jewellery
 i - an amulet of magic regeneration (around neck)
 v - a ring of poison resistance (left hand)
 E - a ring of ice
Wands
 e - a wand of digging (8)
 j - a wand of flame (33)
 r - a wand of charming (3)
 y - a wand of acid (6)
 G - a wand of paralysis (19)
 T - a wand of iceblast (19)
 V - a wand of mindburst (9)
Scrolls
 c - 7 scrolls of teleportation
 h - 5 scrolls of blinking
 Q - a scroll of identify
 U - 2 scrolls of magic mapping
Potions
 l - a potion of cancellation
 u - a potion of flight
 x - 2 potions of ambrosia
 H - a potion of might
 Y - a potion of heal wounds {unknown}
Miscellaneous
 s - a phantom mirror


   Skills:
 + Level 9.9 Fighting
 + Level 7.3 Short Blades
 + Level 7.3 Long Blades
 + Level 7.3 Axes
 + Level 7.3 Maces & Flails
 + Level 9.9 Polearms
 + Level 7.3 Staves
 + Level 7.3 Slings
 + Level 7.3 Bows
 + Level 7.3 Crossbows
 + Level 7.3 Throwing
 + Level 8.7 Armour
 + Level 8.7 Dodging
 + Level 7.3 Stealth
 + Level 7.3 Shields
 + Level 7.3 Unarmed Combat
 + Level 7.3 Spellcasting
 + Level 6.1 Conjurations
 + Level 6.1 Hexes
 + Level 6.1 Summonings
 + Level 6.1 Necromancy
 + Level 6.1 Translocations
 + Level 6.1 Transmutations
 + Level 6.1 Fire Magic
 + Level 6.1 Ice Magic
 + Level 6.1 Air Magic
 + Level 6.1 Earth Magic
 + Level 6.1 Poison Magic
 + Level 8.0 Invocations
 + Level 7.3 Evocations


You had 25 spell levels left.
You didn't know any spells.
Your spell library was empty.

Dungeon Overview and Level Annotations

Branches:
Dungeon (12/15)            Temple (0/1) D:4            Lair (0/6) D:11
    Orc (0/2) D:10          Sewer (visited)          Bailey (visited)

Altars:
Ashenzari
Cheibriados
Fedhas
Gozag
Hepliaklqana
Makhleb
Nemelex Xobeh
Okawaru
Ru
Sif Muna
Uskayaw
Vehumet
Wu Jian
Zin

Shops:
D:1 (   D:10 :


Innate Abilities, Weirdness & Mutations

You have very sharp teeth.
Your uncanny sense of smell can sniff out nearby items.
Your experience applies equally to all skills.


Message History

The yak is almost dead.
The yak completely misses you.
You puncture the yak!
You kill the yak!
Trog accepts your kill.
You puncture the yak! Your bite misses the yak.
The yak is almost dead.
The yak gores you but does no damage.
You closely miss the yak.
The yak is almost dead.
The yak gores you but does no damage.
You hit the yak.
The yak is almost dead.
The yak gores you.
You hit the yak but do no damage.
The yak is almost dead.
The yak gores you.
You puncture the yak!
You kill the yak!
Trog accepts your kill.
Two slime creatures merge to form a large slime creature.
You hit the large slime creature.
The large slime creature is lightly wounded.
You barely miss the large slime creature.
The large slime creature is lightly wounded.
You hit the large slime creature.
The large slime creature is lightly wounded.
The large slime creature hits you but does no damage.
You puncture the large slime creature!
The large slime creature is lightly wounded.
The large slime creature hits you!!
You barely miss the large slime creature.
You bite the large slime creature.
The large slime creature is lightly wounded.
The large slime creature hits you!!
* * * LOW HITPOINT WARNING * * *
Your skin crawls.
You feel strong-willed. The large slime creature hits you!!
You die...

#.. #.. ∆ #.. #####.. .......
......Y ......J#########
#@........ #......≈≈.
#......≈.> #......≈..
#......<##+## #......##...##
#############.....##.....##
#................##.#...#.##
#.............####.8.8.8.8.###


You could see a large slime creature and a yak.

Vanquished Creatures
  Fannar (D:11)
  Erolcha (D:10)
  Erica (D:9)
  4 two-headed ogres
  Pikel (D:6)
  An orc knight (Bailey)
  An ugly thing (D:12)
  Maurice (D:12)
  A gargoyle (D:12)
  A komodo dragon (D:11)
  3 polar bears (D:10)
  3 centaur simulacra (D:10)
  Sigmund (D:2)
  32 yaks
  2 steam dragons
  An acid dragon (D:10)
  A water moccasin (D:8)
  5 orc warriors
  An ogre (D:5)
  7 ice beasts
  A sky beast (D:7)
  A hornet zombie (D:5)
  3 centaurs
  A necrophage (D:6)
  A wolf (D:10)
  A lemure (D:6)
  8 kobold brigands
  A scorpion (D:7)
  5 bullfrogs
  2 gnoll sergeants
  A water moccasin zombie (D:5)
  A wyvern skeleton (D:7)
  2 water moccasin skeletons
  8 killer bees
  3 wights (D:9)
  3 centaur zombies
  4 jellies
  Crazy Yiuf (D:2)
  2 hounds
  A gnoll shaman (D:8)
  2 orc priests
  4 iguanas
  6 orc wizards
  A hound skeleton (D:4)
  7 adders
  15 gnolls
  A howler monkey skeleton (D:5)
  A shadow imp (D:5)
  4 white imps
  5 ufetubi
  An adder skeleton (D:4)
  3 worms
  3 dart slugs
  36 orcs
  12 ball pythons
  9 endoplasms
  18 giant cockroaches
  20 goblins
  13 hobgoblins
  4 jackals
  20 kobolds
  7 quokkas
  8 bats
  12 frilled lizards
  4 rats
335 creatures vanquished.

Vanquished Creatures (others)
  An orc wizard (D:5)
  A plant (D:11)
2 creatures vanquished.

Grand Total: 337 creatures vanquished

Notes
Turn   | Place    | Note
-------+----------+-------------------------------------------
     0 | D:1      | fknight the Gnoll Berserker began the quest for the Orb.
     0 | D:1      | Reached XP level 1. HP: 23/23 MP: 1/1
    52 | D:1      | Reached XP level 2. HP: 28/29 MP: 2/2
   110 | D:1      | Found Wochitac's Antique Weapon Shoppe.
   511 | D:1      | Reached ** piety under Trog
   530 | D:1      | Reached XP level 3. HP: 35/35 MP: 3/3
   937 | D:2      | Reached skill level 1 in Invocations
  1007 | D:2      | Noticed Sigmund
  1026 | D:2      | Killed Sigmund
  1027 | D:2      | Reached skill level 1 in Short Blades
  1027 | D:2      | Reached skill level 1 in Long Blades
  1027 | D:2      | Reached skill level 1 in Axes
  1027 | D:2      | Reached skill level 1 in Maces & Flails
  1027 | D:2      | Reached skill level 1 in Staves
  1027 | D:2      | Reached skill level 1 in Slings
  1027 | D:2      | Reached skill level 1 in Bows
  1027 | D:2      | Reached skill level 1 in Crossbows
  1027 | D:2      | Reached skill level 1 in Throwing
  1027 | D:2      | Reached skill level 1 in Stealth
  1027 | D:2      | Reached skill level 1 in Shields
  1027 | D:2      | Reached skill level 1 in Unarmed Combat
  1027 | D:2      | Reached skill level 1 in Spellcasting
  1027 | D:2      | Reached skill level 1 in Conjurations
  1027 | D:2      | Reached skill level 1 in Hexes
  1027 | D:2      | Reached skill level 1 in Summonings
  1027 | D:2      | Reached skill level 1 in Necromancy
  1027 | D:2      | Reached skill level 1 in Translocations
  1027 | D:2      | Reached skill level 1 in Transmutations
  1027 | D:2      | Reached skill level 1 in Fire Magic
  1027 | D:2      | Reached skill level 1 in Ice Magic
  1027 | D:2      | Reached skill level 1 in Air Magic
  1027 | D:2      | Reached skill level 1 in Earth Magic
  1027 | D:2      | Reached skill level 1 in Poison Magic
  1027 | D:2      | Reached skill level 1 in Evocations
  1027 | D:2      | Reached XP level 4. HP: 18/41 MP: 4/6
  1027 | D:2      | Reached XP level 5. HP: 21/47 MP: 4/7
  1319 | D:2      | Found a faded altar of an unknown god.
  1412 | D:2      | Reached XP level 6. HP: 53/53 MP: 8/8
  1420 | D:2      | Found a runed translucent door.
  1421 | D:2      | Noticed Crazy Yiuf
  1682 | D:2      | Killed Crazy Yiuf
  1745 | D:3      | Reached skill level 5 in Armour
  1745 | D:3      | Reached skill level 5 in Dodging
  2735 | D:3      | Reached XP level 7. HP: 44/59 MP: 10/10
  2912 | D:3      | Reached *** piety under Trog
  2927 | D:3      | Found an opulent altar of Gozag.
  3300 | D:4      | Found a glowing drain.
  3330 | Sewer    | Entered a sewer
  4295 | D:4      | Found a staircase to the Ecumenical Temple.
  4336 | D:4      | Reached **** piety under Trog
  4505 | D:4      | You fall into a shaft and drop 2 floors!
  4514 | D:5      | Entered Level 5 of the Dungeon
  4553 | D:5      | Reached XP level 8. HP: 67/67 MP: 12/12
  4966 | D:5      | Found a sparkling altar of Nemelex Xobeh.
  4967 | D:5      | Found a hide-covered altar of Uskayaw.
  4967 | D:5      | Found a broken altar of Ashenzari.
  4968 | D:5      | Found an ornate altar of the Wu Jian Council.
  5218 | D:5      | Found a burning altar of Makhleb.
  6029 | D:6      | Noticed Pikel
  6046 | D:6      | Killed Pikel
  6047 | D:6      | Reached XP level 9. HP: 43/73 MP: 14/14
  6725 | D:6      | Found a blossoming altar of Fedhas.
  7253 | D:7      | Found a snail-covered altar of Cheibriados.
  7335 | D:7      | Found a radiant altar of Vehumet.
  8275 | D:8      | Reached skill level 5 in Invocations
  8285 | D:8      | Found a shimmering blue altar of Sif Muna.
  8305 | D:8      | Reached XP level 10. HP: 80/80 MP: 17/17
  8331 | D:8      | Reached skill level 5 in Short Blades
  8331 | D:8      | Reached skill level 5 in Long Blades
  8331 | D:8      | Reached skill level 5 in Axes
  8331 | D:8      | Reached skill level 5 in Maces & Flails
  8331 | D:8      | Reached skill level 5 in Staves
  8331 | D:8      | Reached skill level 5 in Slings
  8331 | D:8      | Reached skill level 5 in Bows
  8331 | D:8      | Reached skill level 5 in Crossbows
  8331 | D:8      | Reached skill level 5 in Throwing
  8331 | D:8      | Reached skill level 5 in Stealth
  8331 | D:8      | Reached skill level 5 in Shields
  8331 | D:8      | Reached skill level 5 in Unarmed Combat
  8331 | D:8      | Reached skill level 5 in Spellcasting
  8331 | D:8      | Reached skill level 5 in Evocations
  8692 | D:8      | Found a faded altar of an unknown god.
  8693 | D:8      | Found a hazy altar of Hepliaklqana.
  8801 | D:8      | Found a flagged portal.
  8808 | Bailey   | Entered a bailey
  9048 | Bailey   | Noticed an orc knight
  9055 | Bailey   | Killed an orc knight
  9065 | Bailey   | Found a burning altar of Makhleb.
  9966 | D:9      | Noticed Erica
  9974 | D:9      | Killed Erica
 10449 | D:9      | Reached XP level 11. HP: 66/87 MP: 19/19
 10649 | D:9      | Noticed a two-headed ogre
 10658 | D:9      | Killed a two-headed ogre
 10659 | D:9      | Reached skill level 5 in Conjurations
 10659 | D:9      | Reached skill level 5 in Hexes
 10659 | D:9      | Reached skill level 5 in Summonings
 10659 | D:9      | Reached skill level 5 in Necromancy
 10659 | D:9      | Reached skill level 5 in Translocations
 10659 | D:9      | Reached skill level 5 in Transmutations
 10659 | D:9      | Reached skill level 5 in Fire Magic
 10659 | D:9      | Reached skill level 5 in Ice Magic
 10659 | D:9      | Reached skill level 5 in Air Magic
 10659 | D:9      | Reached skill level 5 in Earth Magic
 10659 | D:9      | Reached skill level 5 in Poison Magic
 10883 | D:9      | Noticed a two-headed ogre
 10896 | D:9      | Killed a two-headed ogre
 11374 | D:9      | Noticed a two-headed ogre
 11381 | D:9      | Killed a two-headed ogre
 11435 | D:9      | Found a glowing silver altar of Zin.
 11557 | D:10     | Entered Level 10 of the Dungeon
 13822 | D:10     | Noticed a two-headed ogre
 13848 | D:10     | Killed a two-headed ogre
 14031 | D:10     | Reached XP level 12. HP: 96/96 MP: 22/22
 14099 | D:10     | Found Failudeg's Self-Improvement Boutique.
 14136 | D:10     | Noticed Erolcha
 14712 | D:10     | Killed Erolcha
 14739 | D:10     | Found a staircase to the Orcish Mines.
 14839 | D:10     | Found a sacrificial altar of Ru.
 14991 | D:11     | Identified the ring "Veihot" {EV+4 Str+3 Int+3 Slay-5}
 15016 | D:11     | Found a staircase to the Lair.
 15395 | D:11     | Found an iron altar of Okawaru.
 15454 | D:11     | Noticed Fannar
 15482 | D:11     | Killed Fannar
 16457 | D:12     | Noticed Maurice
 16459 | D:12     | Paralysed by Maurice for 6 turns
 16501 | D:12     | Killed Maurice
 16605 | D:12     | Slain by a large slime creature

Illustrated notes

Levels and vault maps discovered:
D:1:      co_arrival_random_square_maze, layout_loops_ring, serial_shops,
          nicolae_shop_trees, minmay_3d_cube
D:2:      layout_basic, hellmonk_ecumenical_altar_prayer_group,
          minmay_surrounded, uniq_sigmund, uniq_crazy_yiuf_cottage
D:3:      layout_loops_ring, lemuel_tele_altar, kennysheep_generic_room_16
D:4:      layout_loops_cross, minmay_temple_entry_statues_pillars,
          gup_sewer_entry_pipe, minmay_goblin_outpost
D:5:      layout_basic, lemuel_crystal_altar,
          chequers_temple_overflow_statue_of_worship, chequers_hall_statues_y,
          minmay_chambers_of_fives
D:6:      layout_basic, mainiacjoe_overflow_concentric_impassable, uniq_pikel
D:7:      layout_basic, lemuel_round_altar, lemuel_coloured_pillars_altar
D:8:      layout_gridville, overflow_temple_1_default,
          beargit_hepliaklqana_dungeon_heroes, enter_bailey_3,
          minmay_misc_feat_nine_boxes
D:9:      layout_basic, marbit_many_paths, uniq_erica
D:10:     layout_irregular_city, kennysheep_mini_moat, hiddenorc2_lemuel,
          serial_ice, serial_ice_h, serial_ice_b, serial_ice_o, serial_ice_d,
          serial_ice_a, serial_ice_f, serial_ice_e, serial_ice_m,
          nicolae_shop_self_help, uniq_erolcha
D:11:     layout_roguey, dpeg_oklobed_lair, kennysheep_okawaru_gauntlet,
          uniq_fannar
D:12:     layout_basic, portal_ice_cave_entry_pillars_1, dk_noncrumbling_3,
          hangedman_decor_points, uniq_maurice

Skill      XL: |  1  2  3  4  5  6  7  8  9 10 11 12 |
---------------+-------------------------------------+-----
Invocations    | 1 2 3 4 5 6 7 8 |  8.0
Short Blades   | 1 2 3 4 5 6 7 |  7.3
Long Blades    | 1 2 3 4 5 6 7 |  7.3
Axes           | 1 2 3 4 5 6 7 |  7.3
Maces & Flails | 1 2 3 4 5 6 7 |  7.3
Staves         | 1 2 3 4 5 6 7 |  7.3
Slings         | 1 2 3 4 5 6 7 |  7.3
Bows           | 1 2 3 4 5 6 7 |  7.3
Crossbows      | 1 2 3 4 5 6 7 |  7.3
Throwing       | 1 2 3 4 5 6 7 |  7.3
Stealth        | 1 2 3 4 5 6 7 |  7.3
Shields        | 1 2 3 4 5 6 7 |  7.3
Unarmed Combat | 1 2 3 4 5 6 7 |  7.3
Spellcasting   | 1 2 3 4 5 6 7 |  7.3
Conjurations   | 1 2 3 4 5 6 |  6.1
Hexes          | 1 2 3 4 5 6 |  6.1
Summonings     | 1 2 3 4 5 6 |  6.1
Necromancy     | 1 2 3 4 5 6 |  6.1
Translocations | 1 2 3 4 5 6 |  6.1
Transmutations | 1 2 3 4 5 6 |  6.1
Fire Magic     | 1 2 3 4 5 6 |  6.1
Ice Magic      | 1 2 3 4 5 6 |  6.1
Air Magic      | 1 2 3 4 5 6 |  6.1
Earth Magic    | 1 2 3 4 5 6 |  6.1
Poison Magic   | 1 2 3 4 5 6 |  6.1
Evocations     | 1 2 3 4 5 6 7 |  7.3
Armour         | 5 6 7 8 |  8.7
Dodging        | 5 6 7 8 |  8.7
Fighting       | 7 8 9 |  9.9
Polearms       | 7 8 9 |  9.9

Action                   |  1- 3 |  4- 6 |  7- 9 | 10-12 || total
-------------------------+-------+-------+-------+-------++-------
Melee: Spear             |   105 |    62 |       |       ||   167
       Bite              |     9 |     4 |    35 |   137 ||   185
       Punch             |     1 |     1 |       |       ||     2
       Halberd           |       |    59 |   433 |   197 ||   689
       Trident           |       |       |       |   639 ||   639
Throw: Dart              |       |       |     2 |       ||     2
       Stone             |       |       |     6 |       ||     6
       Boomerang         |       |       |       |    28 ||    28
Invok: Berserk           |     1 |     2 |     3 |    17 ||    23
       Trog's Hand       |     1 |     1 |     4 |    11 ||    17
       Brothers in Arms  |       |       |       |     1 ||     1
  Use: Scroll            |       |       |    12 |    16 ||    28
       Potion            |       |       |       |     3 ||     3
 Stab: Sleeping          |     4 |       |       |       ||     4
       Distracted        |       |       |       |     3 ||     3
Armor: Animal skin       |     9 |       |       |       ||     9
       Scale mail        |    12 |    25 |       |       ||    37
       Ring mail         |     2 |       |       |       ||     2
       Chain mail        |       |    15 |   292 |   116 ||   423
       Plate armour      |       |       |       |   273 ||   273
Dodge: Dodged            |    31 |    68 |   211 |   237 ||   547
Block: Kite shield       |       |       |       |   230 ||   230
